AoeStats
← kastdavid

Oasis

509926353Analyzed
2v2 RM · 4d ago on Sep 28, 2026· 22m 8s· 4 players
Game mode
Random Map
Map size
Medium (4 player)
Population
200
Speed
Normal
Resources
Standard
Victory
Conquest
Starting age
Dark Age
Ending age
Imperial Age
RankedLock teamsTeams togetherTeam positionsShared explorationLock speedFull tech treeHidden civsTurbo modeCheats
Victory
Defeat
🇫🇷 Malians · France
992
+15
🇫🇷 Bohemians · France
970
+17
🇳🇱 Koreans · Netherlands
979
-16
🇳🇱 Turks · Netherlands
977
-16
pixoum
12:18 Feudal Age
12:42 Man-at-Arms
14:38 Forging
14:28 Scale Mail Armor
15:27 Arson
19:38 Horse Collar
Ccosmic
9:29 Feudal Age
9:48 Man-at-Arms
12:00 Loom
12:40 Forging
14:10 Arson
20:44 Castle Age
19:49 Scale Mail Armor
22:07 Iron Casting
21:48 Chain Mail Armor
20:54 Long Swordsman
22:02 Double-Bit Axe
kastdavid
9:07 Loom
11:22 Feudal Age
13:43 Man-at-Arms
16:11 Forging
19:36 Scale Barding Armor
22:14 Scale Mail Armor
boaziscool123
11:30 Feudal Age
12:33 Double-Bit Axe
12:30 Horse Collar
12:55 Loom
17:37 Man-at-Arms
23:05 Castle Age
Connection lost

Rejoining the realm…

Still unreachable

The connection could not be restored.

Session expired

The server has moved on; the page needs a fresh start.